 Dungeon Sprint DCSS version 0.21-a0-338-g36cf2fc (webtiles) character file.

609 Kidiri the Thaumaturge (level 7, -9/32 HPs)
             Began as a Deep Elf Fire Elementalist on Oct 3, 2017.
             Was an Elder of Vehumet.
             Killed from afar by a molten gargoyle (11 damage)
             ... with a bolt of magma
             ... in the Dungeon (Sprint VII: "The Pits").
             The game lasted 00:03:17 (703 turns).

Kidiri the Thaumaturge (Deep Elf Fire Elementalist)  Turns: 703, Time: 00:03:18

Health: -9/32      AC:  4    Str:  5    XL:     7   Next: 19%
Magic:  26/26      EV: 13    Int: 24    God:    Vehumet [****..]
Gold:   0          SH:  0    Dex: 15    Spells: 16/34 levels left

rFire    . . .     SeeInvis .   k - +2 dagger
rCold    . . .     Gourm    .   (no shield)
rNeg     . . .     Faith    .   a - +0 robe
rPois    .         Spirit   .   (no helmet)
rElec    .         Reflect  .   (no cloak)
rCorr    .         Harm     .   (no gloves)
MR       .....     NoTele   +   (no boots)
Stlth    ++........             (no amulet)
HPRegen  0.50/turn              (no ring)
MPRegen  0.20/turn              (no ring)

@: no status effects
A: talons 1, icy blue scales 1, clever 1, frail 1, regeneration 1
a: Renounce Religion


You were in the Dungeon.
You worshipped Vehumet.
Vehumet was greatly pleased with you.
You were not hungry.

You visited 1 branch

Inventory:

Hand Weapons
 k - a +2 dagger (weapon)
Armour
 a - a +0 robe (worn)
Scrolls
 i - a scroll of blinking
 m - 3 scrolls of remove curse
 n - 5 scrolls of amnesia
 o - a scroll of summoning
Potions
 d - 6 potions of curing
 e - 5 potions of heal wounds
 f - a potion of haste
 g - 3 potions of magic
 h - 3 potions of berserk rage
 l - 2 potions of invisibility
Books
 b - a book of Flames

   Spells                             Type                      Level
   a - Flame Tongue                   Conjuration/Fire             1
   b - Throw Flame                    Conjuration/Fire             2
   c - Conjure Flame                  Conjuration/Fire             3
   d - Inner Flame                    Hexes/Fire                   3
   e - Sticky Flame                   Conjuration/Fire             4
   f - Fireball                       Conjuration/Fire             5
Comestibles
 c - 8 bread rations
 j - a chunk of flesh
 p - 40 fruits
 q - 7 meat rations


   Skills:
 - Level 2.4 Dodging
 - Level 2.4 Stealth
 * Level 14.0 Spellcasting
 + Level 8.6 Conjurations
 + Level 9.2 Fire Magic


You had 16 spell levels left.
You knew the following spells:

 Your Spells              Type           Power        Failure   Level  Hunger
a - Flame Tongue          Conj/Fire      #####        1%          1    None
b - Throw Flame           Conj/Fire      ######       1%          2    None
c - Conjure Flame         Conj/Fire      ######..     1%          3    None
d - Inner Flame           Hex/Fire       #####...     1%          3    None
e - Sticky Flame          Conj/Fire      ######..     1%          4    None
f - Fireball              Conj/Fire      ######....   1%          5    ###....


Dungeon Overview and Level Annotations

Branches:
Dungeon (1/1)

Altars:
Ashenzari
Cheibriados
Dithmenos
Elyvilon
Fedhas
Gozag
Hepliaklqana
Kikubaaqudgha
Makhleb
Nemelex Xobeh
Okawaru
Qazlal
Ru
Sif Muna
Trog
Uskayaw
Vehumet
Wu Jian
Xom
Yredelemnul
Zin
The Shining One
Beogh
Jiyva
Lugonu


Innate Abilities, Weirdness & Mutations

You have sharp toenails.
You are partially covered in icy blue scales. (AC +2)
Your mind is acute. (Int +2)
You are frail. (-10% HP)
Your natural rate of healing is unusually fast.


Message History

The molten gargoyle blasts magma at you!
The bolt of magma misses you.
The molten gargoyle blasts magma at you!
The bolt of magma misses you.
There is an open door here.
Unknown command.
The molten gargoyle blasts magma at you!
The bolt of magma misses you.
There is an open door here.
You close the door.
A molten gargoyle opens the door.
You close the door.
A molten gargoyle opens the door.
You close the door.
A molten gargoyle opens the door.
You close the door.
A molten gargoyle opens the door.
The molten gargoyle blasts magma at you!
The bolt of magma hits you!
Ouch! That really hurt!
* * * LOW HITPOINT WARNING * * *
The molten gargoyle blasts magma at you!
The bolt of magma hits you!
You die...

#_________.#
#_________.#
#_______...#######
##########+##.....
#.?(.+)))+.##.....
##########.##.....
#.......).).'.....
#'#####+#####.....
#@#..#..#[[##.....
#.#..+(.#))#####+#
#.#..####))##.....
#.#..#..#))##.....
#9#..#..#..##.....
#.##+#..#+###...<.
#.#.)).....##.....
#.#.....รท..##.....
#'###########.....


You could see a molten gargoyle.

Vanquished Creatures
  A flying skull (D)
  A sky beast (D)
  2 ice beasts (D)
  2 big kobolds (D)
  A worker ant (D)
  An ufetubus (D)
  A leopard gecko (D)
  2 orcs (D)
  A goblin (D)
  3 jackals (D)
  A quokka (D)
  A frilled lizard (D)
  A kobold (D)
  A rat (D)
19 creatures vanquished.

Notes
Turn   | Place    | Note
-------+----------+-------------------------------------------
     0 | D        | Kidiri the Deep Elf Fire Elementalist began the quest for the Orb.
     0 | D        | Reached XP level 1. HP: 10/10 MP: 6/6
    45 | D        | Found a bloodstained altar of Trog.
    45 | D        | Found a deep blue altar of Sif Muna.
    45 | D        | Found a viscous altar of Jiyva.
    45 | D        | Found a hazy altar of Hepliaklqana.
    45 | D        | Found an opulent altar of Gozag.
    46 | D        | Found a glowing golden altar of the Shining One.
    46 | D        | Found a glowing silver altar of Zin.
    46 | D        | Found a basalt altar of Yredelemnul.
    46 | D        | Found a shimmering altar of Xom.
    46 | D        | Found an ornate altar of the Wu Jian Council.
    46 | D        | Found a sacrificial altar of Ru.
    46 | D        | Found a stormy altar of Qazlal.
    46 | D        | Found an iron altar of Okawaru.
    46 | D        | Found a sparkling altar of Nemelex Xobeh.
    46 | D        | Found a burning altar of Makhleb.
    46 | D        | Found a blossoming altar of Fedhas.
    46 | D        | Found a white marble altar of Elyvilon.
    46 | D        | Found a shadowy altar of Dithmenos.
    46 | D        | Found a snail-covered altar of Cheibriados.
    48 | D        | Found a radiant altar of Vehumet.
    48 | D        | Found a corrupted altar of Lugonu.
    48 | D        | Found a roughly hewn altar of Beogh.
    49 | D        | Found a hide-covered altar of Uskayaw.
    49 | D        | Found an ancient bone altar of Kikubaaqudgha.
    49 | D        | Found a shattered altar of Ashenzari.
    56 | D        | Became a worshipper of Vehumet
    73 | D        | Reached skill level 4 in Spellcasting
   112 | D        | Reached * piety under Vehumet
   112 | D        | Offered knowledge of Magic Dart by Vehumet.
   112 | D        | Reached skill level 5 in Spellcasting
   112 | D        | Reached XP level 2. HP: 15/15 MP: 8/10
   119 | D        | Reached skill level 6 in Spellcasting
   119 | D        | Reached XP level 3. HP: 6/19 MP: 1/13
   123 | D        | Learned a level 2 spell: Throw Flame
   127 | D        | Learned a level 3 spell: Conjure Flame
   131 | D        | Learned a level 3 spell: Inner Flame
   336 | D        | Reached ** piety under Vehumet
   336 | D        | Offered knowledge of Sandblast by Vehumet.
   341 | D        | Noticed a big kobold
   356 | D        | Killed a big kobold
   356 | D        | Reached *** piety under Vehumet
   356 | D        | Reached skill level 9 in Spellcasting
   356 | D        | Reached skill level 5 in Fire Magic
   356 | D        | Reached XP level 4. HP: 21/24 MP: 13/17
   357 | D        | Reached skill level 5 in Conjurations
   432 | D        | Learned a level 4 spell: Sticky Flame
   532 | D        | Noticed a big kobold
   533 | D        | Noticed a flying skull
   533 | D        | Noticed an ice beast
   534 | D        | Noticed a sky beast
   539 | D        | Killed a flying skull
   539 | D        | Offered knowledge of Dazzling Spray by Vehumet.
   539 | D        | Reached skill level 11 in Spellcasting
   539 | D        | Reached XP level 5. HP: 20/28 MP: 9/21
   545 | D        | Killed a sky beast
   545 | D        | Reached skill level 12 in Spellcasting
   545 | D        | Reached XP level 6. HP: 24/32 MP: 3/23
   545 | D        | Killed an ice beast
   545 | D        | Reached **** piety under Vehumet
   545 | D        | Reached skill level 13 in Spellcasting
   545 | D        | Reached XP level 7. HP: 27/36 MP: 6/26
   552 | D        | Learned a level 5 spell: Fireball
   585 | D        | Gained mutation: You have sharp toenails. [mutagenic meat]
   586 | D        | Gained mutation: Your mind is acute. (Int +2) [mutagenic meat]
   587 | D        | Gained mutation: You are frail. (-10% HP) [mutagenic meat]
   588 | D        | Gained mutation: You are partially covered in icy blue scales. (AC +2) [mutagenic meat]
   589 | D        | Gained mutation: Your natural rate of healing is unusually fast. [mutagenic meat]
   658 | D        | Reached skill level 14 in Spellcasting
   679 | D        | Noticed a molten gargoyle
   701 | D        | HP: 1/32 [molten gargoyle/bolt of magma (31)]
   703 | D        | Killed from afar by a molten gargoyle

Vault maps used:
D:        pitsprint

Skill      XL: |  1  2  3  4  5  6  7 |
---------------+----------------------+-----
Spellcasting   | 5 6 9 11 12 13 14 | 14.0
Conjurations   | 2 3 4 6 7 8 |  8.6
Fire Magic     | 4 5 7 8 9 |  9.2
Dodging        | |  2.4
Stealth        | |  2.4

Action                   |  1- 3 |  4- 6 |  7- 9 || total
-------------------------+-------+-------+-------++-------
Melee: Dagger            |       |       |     1 ||     1
 Cast: Flame Tongue      |    28 |     8 |     5 ||    41
       Conjure Flame     |     1 |     1 |     1 ||     3
       Sticky Flame      |       |     1 |       ||     1
       Inner Flame       |       |     1 |       ||     1
       Throw Flame       |       |       |     1 ||     1
  Use: Potion            |     1 |       |     1 ||     2
  Eat: Chunk             |       |       |     5 ||     5
Armor: Robe              |     3 |       |       ||     3
Dodge: Dodged            |     8 |     3 |     3 ||    14

Table legend:
 A = Spawn XP
 B = Non-spawn XP
 C = Spawn XP percentage of total XP
 D = Spawn monster count
 E = Non-spawn monster count
 F = Spawn count percentage of total count
 G = Total turns spent on level
                    A         B        C        D         E        F      G
               +---------+---------+-------+---------+---------+-------+---------
         Total |       0 |     870 |   0.0 |       0 |      19 |   0.0 |   703
               +---------+---------+-------+---------+---------+-------+---------
             D |       0 |     870 |   0.0 |       0 |      19 |   0.0 |   703
               +---------+---------+-------+---------+---------+-------+---------
